 Dungeon Crawl Stone Soup version 0.20-a0-513-g02c11fc (webtiles) character file.

359 mopl the Slasher (level 6, -12/47 HPs)
             Began as a Barachian Fighter on Jan 23, 2017.
             Mangled by an ogre
             ... wielding a +0 giant club
              (24 damage)
             ... on level 4 of the Dungeon.
             The game lasted 00:05:20 (4151 turns).

mopl the Slasher (Barachian Fighter)                Turns: 4151, Time: 00:05:20

Health: -12/47     AC:  6    Str: 16    XL:     6   Next: 65%
Magic:  0/6        EV: 11    Int:  7    God:
Gold:   192        SH:  9    Dex: 15    Spells: 5/5 levels left

rFire    + . .     SeeInvis .   a - +0 long sword
rCold    + . .     Gourm    .   B - +0 scale mail
rNeg     . . .     Faith    .   c - +0 shield
rPois    +         Spirit   +   (no helmet)
rElec    +         Reflect  .   (no cloak)
rCorr    +         Harm     .   (no gloves)
MR       .....                  (no boots)
Stlth    +.........             x - amulet of guardian spirit
Regen    0.2/turn               (no ring)
                                (no ring)

@: agile, resistant, can't hop, very slightly contaminated, hasted, quick
A: swims, slowness 1, strong legs 1
a: Hop


You were on level 4 of the Dungeon.
You were near starving.

You visited 1 branch of the dungeon, and saw 4 of its levels.

You collected 192 gold pieces.

Inventory:

Hand Weapons
 a - a +0 long sword (weapon)
 b - a +0 blowgun
 v - a +1 morningstar of protection
Missiles
 u - 4 tomahawks (quivered)
 y - 20 poisoned needles
Armour
 c - a +0 shield (worn)
 m - a +0 ring mail of fire resistance
 r - a +0 chain mail
 B - a +0 scale mail (worn)
Jewellery
 x - an amulet of guardian spirit (around neck)
Scrolls
 e - 3 scrolls of immolation {unknown}
 j - 3 scrolls of fear {unknown}
 k - 3 scrolls of recharging {unknown}
 l - a scroll of teleportation {unknown}
 n - 3 scrolls of identify {unknown}
 s - a scroll of enchant weapon {unknown}
 t - 2 scrolls of enchant armour {unknown}
 A - a scroll of random uselessness {unknown}
 C - a scroll of amnesia {unknown}
Potions
 d - 2 potions of might
 o - a potion of agility
 p - a potion of brilliance {unknown}
 q - a potion of curing
 w - 2 potions of resistance
 z - a potion of haste
Comestibles
 f - 2 bread rations
 g - 3 fruits
 h - 2 meat rations
 i - 3 royal jellies


   Skills:
 - Level 3.2 Fighting
 + Level 7.5 Long Blades
 - Level 3.2 Armour
 - Level 3.0 Shields


You had 5 spell levels left.
You didn't know any spells.

Dungeon Overview and Level Annotations

Branches:
Dungeon (4/15)
 Temple: D:4-7

Altars:
Ru


Innate Abilities, Weirdness & Mutations

You can swim through water.
You cover ground slowly.
You can hop short distances.


Message History

It was a potion of curing.
You feel better.
It was a potion of haste.
You feel yourself speed up.
You are very lightly contaminated with residual magic.
Your shield and scale mail prevent you from hitting the ogre.
The ogre is lightly wounded.
The worker ant misses you.
You riposte.
You slash the worker ant!
The worker ant is heavily wounded.
The ogre barely misses you.
You riposte.
Your shield and scale mail prevent you from hitting the ogre.
The ogre is lightly wounded.
You slash the ogre!
The ogre is heavily wounded.
The worker ant bites you.
* * * LOW HITPOINT WARNING * * *
Unknown command.
You completely miss the ogre.
The ogre is heavily wounded.
The ogre hits you with a giant club!!
Ouch! That really hurt!
You die...

#.. ... # #.# .#
... . ##
#.#.##......
#####.#.........
#.....a..# #..?#
#.###@##.##....%
##.#.#O##.#......
#................
#................
#.....##.........
#..#<###..#..%...
#.........# .....
#.###.##.## ...#
# #.##.# +##


You could see an ogre and a worker ant.

Vanquished Creatures
  An ogre (D:3)
  2 orc priests
  An orc wizard (D:3)
  Terence (D:2)
  An iguana (D:4)
  4 adders
  2 oozes
  A worm (D:2)
  3 dart slugs (D:1)
  A leopard gecko (D:3)
  14 orcs
  6 giant cockroaches
  4 goblins (D:1)
  6 hobgoblins
  3 jackals (D:2)
  A quokka (D:2)
  2 ball pythons
  7 bats
  6 frilled lizards
  7 kobolds
  6 rats
79 creatures vanquished.

Notes
Turn   | Place    | Note
-------+----------+-------------------------------------------
     0 | D:1      | mopl the Barachian Fighter began the quest for the Orb.
     0 | D:1      | Reached XP level 1. HP: 18/18 MP: 1/1
   377 | D:1      | Reached XP level 2. HP: 21/24 MP: 2/2
   388 | D:1      | Reached skill level 3 in Long Blades
   647 | D:1      | Reached XP level 3. HP: 23/29 MP: 3/3
   820 | D:1      | Reached skill level 4 in Long Blades
  1396 | D:2      | Found a sacrificial altar of Ru.
  1495 | D:2      | Noticed Terence
  1515 | D:2      | Killed Terence
  1515 | D:2      | Reached XP level 4. HP: 23/35 MP: 4/4
  1628 | D:3      | Reached skill level 5 in Long Blades
  1892 | D:3      | Reached XP level 5. HP: 11/41 MP: 5/5
  2025 | D:3      | Noticed an ogre
  2536 | D:2      | Reached skill level 6 in Long Blades
  2751 | D:3      | Killed an ogre
  2751 | D:3      | Reached XP level 6. HP: 37/47 MP: 6/6
  2845 | D:3      | Reached skill level 7 in Long Blades
  4143 | D:4      | HP: 1/47 [ogre/giant club (10)]
  4151 | D:4      | Mangled by an ogre

Vault maps used:
D:1:      wheals_arrival_linesprint
D:2:      hangedman_abyss_or_decor_lesser_grid, nicolae_ru_the_path_less_chosen,
          uniq_terence
D:4:      first_bread

Skill      XL: |  1  2  3  4  5  6 |
---------------+-------------------+-----
Long Blades    | 3 4 5 6 7 |  7.5
Fighting       | |  3.2
Armour         | |  3.2
Shields        | |  3.0

Action                   |  1- 3 |  4- 6 || total
-------------------------+-------+-------++-------
Melee: Long sword        |   146 |   198 ||   344
 Abil: Hop               |       |     2 ||     2
  Use: Potion            |       |     4 ||     4
  Eat: Chunk             |     3 |     7 ||    10
Armor: Scale mail        |    83 |   112 ||   195
Dodge: Dodged            |    38 |    55 ||    93
Block: Shield            |    88 |   103 ||   191
       Rpst.: Long sword |    13 |    20 ||    33
